 Dungeon Crawl Stone Soup version 0.30-a0-802-gb92711bcdf (console) character file.

Game seed: 9190259374437774438

4 petzl the Sneak (level 1, -1/16 (18) HPs)
             Began as a Formicid Delver on Feb 24, 2023.
             Slain by an orc
             ... wielding a +0 hand axe
              (4 damage)
             ... on level 7 of the Dungeon.
             The game lasted 00:01:08 (143 turns).

petzl the Sneak (Formicid Delver)                    Turns: 143, Time: 00:01:08

HP:   -1/16 (18)    AC:  3    Str: 16    XL:     1   Next: 66%
MP:   10/10         EV: 12    Int:  9    God:
Gold: 0             SH:  0    Dex: 15    Spells: 1/1 levels left

rFire   . . .      SeeInvis +    a - +1 flail (drain)
rCold   . . .      Faith    .    (no shield)
rNeg    . . .      Spirit   .    b - +0 leather armour
rPois   .          Reflect  .    (helmet unavailable)
rElec   .          Harm     .    (no cloak)
rCorr   .          Rampage  .    (no gloves)
Will    .....                    (no boots)
Stlth   +++                      (no amulet)
HPRegen 0.22/turn                h - ring of magical power
MPRegen 0.12/turn                (no ring)

@: heavily drained
A: permanent stasis, dig shafts and tunnels, antennae 3, four strong arms
a: Dig, Shaft Self


You were on level 7 of the Dungeon.
You visited 1 branch of the dungeon, and saw 3 of its levels.

Inventory:

Hand Weapons
 a - a +1 flail of draining (weapon)
 i - a +0 mace
Armour
 b - a +0 leather armour (worn)
Jewellery
 h - a ring of magical power (left hand)
Wands
 f - a wand of digging (3)
Scrolls
 c - a scroll of fog
 d - 2 scrolls of magic mapping
 e - a scroll of fear
Potions
 g - a potion of lignification {unknown}


   Skills:
 - Level 3.2 Fighting
 - Level 2.0 Maces & Flails
 - Level 1.7 Dodging
 + Level 6.1 Stealth
 + Level 0.6 Spellcasting


You had one spell level left.
You didn't know any spells.
Your spell library was empty.

Dungeon Overview and Level Annotations

Branches:
Dungeon (7/15)
 Temple: D:4-7

Altars:

Annotations:
D:7 exclusion: upstairs


Innate Abilities, Weirdness & Mutations

You cannot be hasted, slowed, berserked, paralysed or teleported.
You can dig through walls and to a lower floor.
You have a pair of large antennae on your head. (SInv)
Your four strong arms can wield two-handed weapons with a shield.


Message History

You feel drained.
The orc hits you with a +1 flail of draining.
You feel drained.
You hit the orc but do no damage.
The orc hits you with a +1 flail of draining.
You feel drained.
You hit the orc but do no damage. The orc barely misses you.
You hit the orc.
The orc is heavily wounded.
The orc closely misses you. The orc barely misses you.
You hit the orc.
You kill the orc!
Things that are here:
a +1 flail of draining; an orc corpse
i - a +1 flail of draining
Okay, then.
Unknown command.
You sense an unholy aura.
i - a +1 flail of draining (weapon)
Adjust (i)tems, (s)pells, or (a)bilities?
i - a +1 flail of draining (weapon)
Adjust to which letter? (? for menu, Esc to quit)
a - a +1 flail of draining (weapon);
i - a +0 mace Unknown command.
Unknown command.
Unknown command.
You start resting.
Magic restored.
You start resting.
HP restored.
You can't go down here!
There is a stone staircase leading down here.
You climb downwards.
Level annotation: exclusion: upstairs
There is a stone staircase leading up here.
You barely miss the orc. The orc hits you with a +0 hand axe!
You barely miss the orc. The orc hits you with a +0 hand axe.
You closely miss the orc. The orc hits you with a +0 hand axe.
* * * LOW HITPOINT WARNING * * *
The orc hits you with a +0 hand axe.
You die...

...# ..# ..# ..#### {
#.#.. #.#.###########
#.####.#@#.<........
#......#o..#.######
#.................#
.......o...#..#.#..#.#
#####.....###...####
.......## ##..#
##....## +#... #.#.##
##... #.#. .## # #. ..


You could see an orc.

Vanquished Creatures
  2 orcs (D:6)
2 creatures vanquished.

Notes
Turn   | Place    | Note
-------+----------+-------------------------------------------
     0 | D:5      | petzl the Formicid Delver began the quest for the Orb.
     0 | D:5      | Reached XP level 1. HP: 18/18 MP: 1/1
    43 | D:6      | Noticed a scorpion
    43 | D:6      | Noticed a black bear
   143 | D:7      | Slain by an orc

Illustrated notes

Levels and vault maps discovered:
D:5:      layout_basic, pdpol_temple_overflow_zin_treasury_gozag_greed,
          nicolae_overflow_crystal_walls, gup_sewer_entry_spiral, uniq_menkaure,
          uniq_sigmund
D:6:      layout_basic, minivault_11, minmay_misc_feat_tower
D:7:      layout_basic, nemelex_diamond_rough_becter, nzn_wu_jian_council_hall,
          xom_butterflies, uniq_maggie

Action                     || total
---------------------------++-------
  Melee: Mace              ||     8
         Flail             ||     3
  Dodge: Dodged            ||     6

Table legend: (Time is in decaauts)
 A = Elapsed time spent in this place.
 B = Non-inter-level travel time spent in this place.
 C = Inter-level travel time spent in this place.
 D = Time resting spent in this place.
 E = Time spent auto-exploring this place.
 F = Levels seen in this place.
 G = Mean time per level.
                   A        B        C        D        E       F      G
               +--------+--------+--------+--------+--------+-----+--------+
         Total |    146 |    146 |      0 |     52 |      0 |   3 |   48.7 |
       Dungeon |    146 |    146 |      0 |     52 |      0 |   3 |   48.7 |
               +--------+--------+--------+--------+--------+-----+--------+

Top non-repeatable levels by time:
     D:6: 86 daAuts
     D:7: 44 daAuts
     D:5: 16 daAuts
